 Dungeon Sprint DCSS version 0.25-a0-886-gd7461d2276 (webtiles) character file.

Game seed: 7381314212281045983, levelgen mode: deterministic

22093 Conn the Eclecticist (level 12, 0/120 HPs)
             Began as an Octopode Wizard on May 2, 2020.
             Was the Champion of Sif Muna.
             Slain by a ghost moth (17 damage)
             ... called by a spriggan druid
             ... in the Dungeon (Sprint IX: "|||||||||||||||||||||||||||||").
             The game lasted 00:50:54 (5102 turns).

Conn the Eclecticist (Octopode Wizard)              Turns: 5102, Time: 00:50:54

Health: 0/120      AC:  3    Str:  4 (6)  XL:     12   Next: 96%
Magic:  0/32       EV: 17    Int: 27 (28) God:    Sif Muna [******]
Gold:   1900       SH:  0    Dex: 14      Spells: 1/43 levels left

rFire    + . .     SeeInvis .   m - +2 rapier (venom)
rCold    + . .     Gourm    .   (no shield)
rNeg     . . .     Faith    .   a - +2 hat
rPois    .         Spirit   .   (no amulet)
rElec    .         Reflect  .   n - +3 ring of dexterity
rCorr    .         Harm     .   o - +3 ring of intelligence
MR       .....     NoTele   +   w - ring of fire
Stlth    ..........             l - ring of protection from cold
HPRegen  0.30/turn              u - ring of protection from cold
MPRegen  0.23/turn              (no ring)
                                (no ring)
                                (no ring)

@: berserking, very quick
A: almost no armour, stealthy swim, amphibious, 8 rings, constrict 8, camouflage
1, gelatinous body 1
a: Channel Magic, Forget Spell, Divine Exegesis, Renounce Religion


You were in the Dungeon.
You worshipped Sif Muna.
Sif Muna was exalted by your worship.
You were not hungry.

You visited 1 branch You collected 1900 gold pieces.

Inventory:

Hand Weapons
 j - a +0 dagger
 m - a +2 rapier of venom (weapon)
Armour
 a - a +2 hat (worn)
Magical Staves
 p - an uncursed staff of energy
Jewellery
 l - a ring of protection from cold (on tentacle)
 n - a +3 ring of dexterity (left tentacle)
 o - a +3 ring of intelligence (right tentacle)
 u - a ring of protection from cold (on tentacle)
 v - an uncursed ring of ice
 w - a ring of fire (on tentacle)
Wands
 e - a wand of enslavement (7)
Scrolls
 h - 4 scrolls of remove curse
 i - 4 scrolls of blinking
 r - 5 scrolls of enchant armour
 s - 2 scrolls of identify
 t - a scroll of fear
 x - a scroll of fog
Potions
 b - a potion of mutation
 d - 5 potions of curing
 f - 7 potions of heal wounds
 g - 4 potions of magic
 q - a potion of berserk rage
Comestibles
 c - 11 rations


   Skills:
 + Level 6.8 Fighting
 + Level 10.3 Short Blades
 + Level 7.5 Dodging
 - Level 5.3 Stealth
 * Level 16.2 Spellcasting
 * Level 14.4 Conjurations
 + Level 6.1 Hexes
 + Level 6.2 Summonings
 + Level 6.0 Translocations
 * Level 11.7 Fire Magic
 + Level 6.3 Air Magic
 + Level 7.4 Poison Magic
 - Level 6.2 Invocations
 + Level 4.2 Evocations


You had one spell level left.
You knew the following spells:

 Your Spells              Type           Power        Failure   Level  Hunger
a - Magic Dart            Conj           ####         0%          1    None
b - Blink                 Tloc           N/A          1%          2    None
c - Call Imp              Summ           ######..     1%          2    None
d - Conjure Flame         Conj/Fire      #######.     1%          3    None
e - Mephitic Cloud        Conj/Pois/Air  ######..     1%          3    None
f - Spellforged Servitor  Conj/Summ      ######....   28%         7    #####..
g - Summon Guardian Gole  Hex/Summ       ######..     1%          3    None
h - Fulminant Prism       Conj/Hex       ######....   1%          4    None
i - Sticky Flame          Conj/Fire      #######.     1%          4    None
j - Inner Flame           Hex/Fire       #######.     1%          3    None
k - Starburst             Conj/Fire      #######...   1%          6    ###....
m - Hailstorm             Conj/Ice       ######..     1%          4    None

Your spell library contained the following spells:

 Spells                   Type           Power        Failure   Level  Hunger
 Foxfire                  Conj/Fire      ####         0%          1    None
 Corona                   Hex            ######.      1%          1    None
 Shock                    Conj/Air       ####         1%          1    None
 Freeze                   Ice            ###.         2%          1    None
 Ensorcelled Hibernation  Hex/Ice        #####.       1%          2    None
 Slow                     Hex            ######..     1%          2    None
 Swiftness                Chrm/Air       #####...     1%          2    None
 Confusing Touch          Hex            ######..     1%          3    None
 Dazzling Flash           Conj/Hex       ######       1%          3    None
 Recall                   Summ/Tloc      N/A          1%          3    None
 Static Discharge         Conj/Air       ######..     1%          3    None
 Stone Arrow              Conj/Erth      ######       1%          3    None
 Tukima's Dance           Hex            ######..     1%          3    None
 Cause Fear               Hex            ######....   1%          4    None
 Iskenderun's Mystic Bla  Conj/Tloc      ######..     1%          4    None
 Passage of Golubria      Tloc           N/A          1%          4    None
 Summon Lightning Spire   Summ/Air       ######..     1%          4    None
 Fireball                 Conj/Fire      #######...   1%          5    None
 Lightning Bolt           Conj/Air       ######....   1%          5    None
 Passwall                 Tmut/Erth      ###.....     3%          2    None
 Silence                  Hex/Air        ######....   4%          5    None
 Orb of Destruction       Conj           #######...   5%          7    #####..
 Leda's Liquefaction      Hex/Erth       #####.....   6%          4    None
 Summon Ice Beast         Ice/Summ       #####...     6%          4    None
 Frozen Ramparts          Ice            ###...       7%          3    None
 Ozocubu's Armour         Chrm/Ice       ###.....     7%          3    None
 Yara's Violent Unravell  Hex/Tmut       #####.....   19%         5    None
 Freezing Cloud           Conj/Ice/Air   ######....   21%         6    ###....
 Darkness                 Hex            ######....   28%         6    ###....
 Invisibility             Hex            ######..     28%         6    ###....
 Lee's Rapid Deconstruct  Erth           ###.......   54%         5    None
 Ignition                 Fire           #######...   77%         8    ######.
 Malign Gateway           Summ/Tloc      ######....   83%         7    #####..
 Summon Hydra             Summ           ######....   83%         7    #####..
 Ring of Flames           Chrm/Fire      ######....   86%         7    #####..
 Chain Lightning          Conj/Air       ######....   91%         8    ######.
 Death Channel            Necr           ###.......   98%         6    ###....
 Ozocubu's Refrigeration  Ice            ###.......   98%         6    ###....
 Disjunction              Tloc           ######....   100%        8    ######.
 Lehudib's Crystal Spear  Conj/Erth      ######....   100%        8    ######.
 Fire Storm               Conj/Fire      #######...   100%        9    #######
 Shatter                  Erth           ###.......   100%        9    #######
 Tornado                  Air            ######....   100%        9    #######


Dungeon Overview and Level Annotations

Branches:
Dungeon (1/1)

Altars:
Cheibriados
Dithmenos
Elyvilon
Fedhas
Gozag
Hepliaklqana
Kikubaaqudgha
Makhleb
Nemelex Xobeh
Okawaru
Qazlal
Ru
Sif Muna
Trog
Uskayaw
Vehumet
Wu Jian
Xom
Yredelemnul
Zin
The Shining One
Beogh
Jiyva
Lugonu

Shops:
D [!:*


Innate Abilities, Weirdness & Mutations

You cannot wear most types of armour.
You are very stealthy in the water. (Stealth+)
You are amphibious.
You can wear up to eight rings at the same time.
You can use your tentacles to constrict eight enemies at once.
Your skin changes colour to match your surroundings (Stealth+).
Your rubbery body absorbs attacks. (AC +1, EV +1)


Message History

Something stings you!
You hit something. You miss something.
You feel you are being watched by something.
You feel your power leaking away. Something hits you. Something hits you!
You feel dopey. Something stings you.
You closely miss something. You miss something. Something hits you!
* * * LOW HITPOINT WARNING * * *
Something hits you!
* * * LOW HITPOINT WARNING * * *
You feel weakened. Something stings you.
* * * LOW HITPOINT WARNING * * *
You hit something. You squeeze something!
You feel you are being watched by something.
Something hits you!
You die...

▓○..▓...▓...▓...▓<▓
▓○▓.▓.▓.▓.▓.▓.▓.▓.▓
▓°▓.▓.▓.▓.▓.▓.▓.▓.▓
▓8▓.▓.▓.▓.▓.▓.▓.▓.▓
▓○▓.▓.▓.▓.▓.▓.▓.▓)▓
▓D▓.▓.▓.▓.▓.▓.▓.▓.▓
▓.▓.▓.▓.▓.▓.▓.▓.▓.▓
▓i▓[▓.▓.▓.▓.▓'▓.▓.▓
▓.▓@▓.▓.▓)▓.▓.▓.▓.▓
▓.▓{▓'▓.▓)▓.▓.▓.▓.▓
▓i▓.▓.▓.▓)▓.▓.▓.▓÷▓
▓.▓.▓.▓.▓[▓.▓.▓.▓)▓
▓F▓.▓.▓.▓)▓.▓.▓.▓.▓
▓.▓)▓.▓.▓'▓)▓.▓.▓.▓
▓F▓.▓.▓.▓)▓.▓[▓.▓.▓
♣'♣.▓)▓.▓.▓.▓)▓.▓.▓
♣F♣.▓)▓.▓)▓.▓.▓.▓'▓


There were no monsters in sight!

Vanquished Creatures
  A thorn hunter (D)
  A fire giant (D)
  A very ugly thing (D)
  A stone giant (D)
  A hydra (D)
  Erolcha (D)
  A centaur warrior (D)
  2 spriggan druids (D)
  A swamp dragon (D)
  An orc knight (D)
  7 orc sorcerers (D)
  2 ugly things (D)
  2 moths of wrath (D)
  4 spiny frogs (D)
  A jumping spider (D)
  3 hornets (D)
  A slime creature (D)
  A jumping spider (shapeshifter) (D)
  A troll (D)
  4 polar bears (D)
  A bog body (D)
  2 blink frogs (D)
  2 yaks (D)
  A wyvern (D)
  Eustachio (D)
  2 basilisks (D)
  A vampire mosquito (D)
  An acid dragon (D)
  An acid dragon (shapeshifter) (D)
  2 water moccasins (D)
  4 black bears (D)
  An ice beast (D)
  12 orc warriors (D)
  A wolf (D)
  3 crocodiles (D)
  3 bullfrogs (D)
  A howler monkey (D)
  A jelly (D)
  13 orc wizards (D)
  An orc priest (D)
  An iguana (D)
  A worker ant (D)
  2 adders (D)
  An adder skeleton (D)
  A leopard gecko (D)
  5 orcs (D)
  A bat skeleton (D)
  A bat zombie (D)
  2 goblins (D)
  A hobgoblin (D)
  A jackal (D)
  A kobold (D)
  A rat (D)
  3 briar patches (D)
113 creatures vanquished.

Vanquished Creatures (collateral kills)
  A spiny frog (D)
  A slime creature (D)
  A vampire mosquito (D)
  A briar patch (D)
4 creatures vanquished.

Vanquished Creatures (others)
  Frances (D)
  A shambling mangrove (D)
  An alligator (D)
  A spatial maelstrom (D)
  An orc knight (D)
  Joseph (D)
  A spiny frog (D)
  A bullfrog (D)
  17 fulminant prisms (D)
25 creatures vanquished.

Grand Total: 142 creatures vanquished

Notes
Turn   | Place    | Note
-------+----------+-------------------------------------------
     0 | D        | Conn the Octopode Wizard began the quest for the Orb.
     0 | D        | Reached XP level 1. HP: 11/11 MP: 4/4
     7 | D        | Banished a spatial maelstrom
    17 | D        | Reached skill level 4 in Spellcasting
   238 | D        | Noticed a howler monkey
   238 | D        | Noticed an orc wizard
   238 | D        | Noticed a jelly
   242 | D        | Killed a howler monkey
   242 | D        | Reached skill level 5 in Spellcasting
   242 | D        | Reached XP level 2. HP: 17/17 MP: 5/8
   242 | D        | Reached XP level 3. HP: 21/21 MP: 6/10
   247 | D        | Reached skill level 6 in Spellcasting
   247 | D        | Reached XP level 4. HP: 27/27 MP: 7/12
   251 | D        | Reached skill level 1 in Short Blades
   251 | D        | Reached skill level 7 in Spellcasting
   291 | D        | Learned a level 2 spell: Blink
   294 | D        | Learned a level 2 spell: Call Imp
   298 | D        | Learned a level 3 spell: Conjure Flame
   302 | D        | Learned a level 3 spell: Mephitic Cloud
   302 | D        | Found a roughly hewn altar of Beogh.
   302 | D        | Found a snail-covered altar of Cheibriados.
   302 | D        | Found a shadowy altar of Dithmenos.
   302 | D        | Found a white marble altar of Elyvilon.
   302 | D        | Found a blossoming altar of Fedhas.
   302 | D        | Found an opulent altar of Gozag.
   303 | D        | Found a hazy altar of Hepliaklqana.
   304 | D        | Found a viscous altar of Jiyva.
   305 | D        | Found an ancient bone altar of Kikubaaqudgha.
   306 | D        | Found a corrupted altar of Lugonu.
   307 | D        | Found a burning altar of Makhleb.
   308 | D        | Found a sparkling altar of Nemelex Xobeh.
   309 | D        | Found an iron altar of Okawaru.
   310 | D        | Found a stormy altar of Qazlal.
   311 | D        | Found a sacrificial altar of Ru.
   312 | D        | Found a shimmering blue altar of Sif Muna.
   313 | D        | Found a bloodstained altar of Trog.
   314 | D        | Found a hide-covered altar of Uskayaw.
   315 | D        | Found a radiant altar of Vehumet.
   316 | D        | Found an ornate altar of the Wu Jian Council.
   317 | D        | Found a shimmering altar of Xom.
   318 | D        | Found a basalt altar of Yredelemnul.
   319 | D        | Found a glowing silver altar of Zin.
   320 | D        | Became a worshipper of Sif Muna the Loreminder
   321 | D        | Found a glowing golden altar of the Shining One.
   349 | D        | Noticed a water moccasin
   349 | D        | Noticed a bullfrog
   349 | D        | Noticed an orc warrior
   350 | D        | Reached XP level 5. HP: 32/32 MP: 14/14
   351 | D        | Killed a water moccasin
   351 | D        | Reached skill level 1 in Fighting
   351 | D        | Reached skill level 5 in Stealth
   351 | D        | Reached skill level 8 in Spellcasting
   351 | D        | Reached skill level 5 in Conjurations
   352 | D        | Reached * piety under Sif Muna
   352 | D        | Reached XP level 6. HP: 38/38 MP: 14/17
   359 | D        | Killed an orc warrior
   359 | D        | Reached skill level 9 in Spellcasting
   362 | D        | Reached ** piety under Sif Muna
   398 | D        | Noticed a troll
   398 | D        | Noticed a purple ugly thing
   410 | D        | Reached skill level 1 in Invocations
   423 | D        | Killed a troll
   423 | D        | Reached *** piety under Sif Muna
   423 | D        | Reached skill level 5 in Dodging
   423 | D        | Reached skill level 10 in Spellcasting
   423 | D        | Reached skill level 1 in Evocations
   423 | D        | Reached XP level 7. HP: 35/45 MP: 1/20
   427 | D        | Killed a purple ugly thing
   427 | D        | Reached skill level 5 in Short Blades
   427 | D        | Reached skill level 1 in Air Magic
   427 | D        | Reached XP level 8. HP: 17/51 MP: 2/22
   738 | D        | Noticed a yak
   738 | D        | Noticed a spiny frog
   738 | D        | Noticed a spiny frog
   756 | D        | Reached skill level 1 in Fire Magic
   756 | D        | Reached skill level 1 in Poison Magic
   758 | D        | Killed a yak
   758 | D        | Reached **** piety under Sif Muna
   762 | D        | Killed a spiny frog
   762 | D        | Reached skill level 5 in Invocations
   763 | D        | Killed a spiny frog
   763 | D        | Reached skill level 11 in Spellcasting
   763 | D        | Reached XP level 9. HP: 57/57 MP: 6/24
   772 | D        | Noticed a spiny frog
   791 | D        | Killed a spiny frog
   791 | D        | Reached ***** piety under Sif Muna
   821 | D        | Identified Sif Muna's Tome of Ensnaring Slavery (Sif Muna
                  | gifted it to you in the Dungeon)
   821 | D        | Received a gift from Sif Muna
   827 | D        | Learned a level 3 spell: Dazzling Flash
   831 | D        | Learned a level 3 spell: Summon Guardian Golem
   836 | D        | Learned a level 4 spell: Fulminant Prism
  1169 | D        | Noticed a six-headed hydra
  1188 | D        | Killed a six-headed hydra
  1188 | D        | Reached skill level 5 in Fire Magic
  1191 | D        | Reached skill level 1 in Hexes
  1191 | D        | Reached XP level 10. HP: 41/64 MP: 9/25
  1212 | D        | Noticed a spiny frog
  1216 | D        | Reached skill level 5 in Translocations
  1458 | D        | Killed a spiny frog
  1458 | D        | Identified Jeublob's Grimoire of Ensnaring Ignition (Sif
                  | Muna gifted it to you in the Dungeon)
  1458 | D        | Received a gift from Sif Muna
  1465 | D        | Learned a level 4 spell: Sticky Flame
  1491 | D        | Reached skill level 12 in Spellcasting
  1529 | D        | Reached skill level 10 in Conjurations
  1545 | D        | Received a gift from Sif Muna
  1709 | D        | Learned a level 3 spell: Inner Flame
  1777 | D        | Noticed Erolcha
  1802 | D        | Killed Erolcha
  1802 | D        | Reached skill level 5 in Poison Magic
  1961 | D        | Identified Sif Muna's Incunabulum of Dark Arcane Weapons
                  | (Sif Muna gifted it to you in the Dungeon)
  1961 | D        | Received a gift from Sif Muna
  2205 | D        | Learned a level 6 spell: Starburst
  2209 | D        | Reached skill level 5 in Fighting
  2211 | D        | Noticed an orc knight
  2223 | D        | Noticed an orc sorcerer
  2237 | D        | Received a gift from Sif Muna
  2240 | D        | Noticed an orc knight
  2251 | D        | Killed an orc knight
  2251 | D        | Reached XP level 11. HP: 71/72 MP: 10/27
  2269 | D        | Killed an orc sorcerer
  2269 | D        | Reached ****** piety under Sif Muna
  2291 | D        | Killed an orc knight
  2553 | D        | Found Xiteg's Antique Armour Emporium.
  2556 | D        | Identified Sif Muna's Incunabulum of Ice and Fire (Sif Muna
                  | gifted it to you in the Dungeon)
  2556 | D        | Received a gift from Sif Muna
  2557 | D        | Noticed an orc sorcerer
  2558 | D        | Found Bapu's Distillery.
  2558 | D        | Noticed an orc sorcerer
  2569 | D        | Killed an orc sorcerer
  2569 | D        | Reached skill level 13 in Spellcasting
  2570 | D        | Paralysed by an orc sorcerer for 5 turns
  2579 | D        | Killed an orc sorcerer
  2590 | D        | Found Vuwakuav's Book Emporium.
  2596 | D        | Found Toalicw's General Store.
  2598 | D        | Noticed an orc sorcerer
  2599 | D        | Noticed an orc sorcerer
  2600 | D        | Noticed an orc sorcerer
  2602 | D        | Noticed an orc sorcerer
  2608 | D        | Killed an orc sorcerer
  2613 | D        | Killed an orc sorcerer
  2621 | D        | Killed an orc sorcerer
  2621 | D        | Reached skill level 5 in Air Magic
  2623 | D        | Killed an orc sorcerer
  2623 | D        | Received a gift from Sif Muna
  2630 | D        | Learned a level 2 spell: Passwall
  2801 | D        | Noticed Joseph
  2830 | D        | Killed Joseph
  2993 | D        | Noticed a purple ugly thing
  2999 | D        | Killed a purple ugly thing
  3259 | D        | Noticed a centaur warrior
  3259 | D        | Noticed a stone giant
  3276 | D        | Killed a centaur warrior
  3276 | D        | Received a gift from Sif Muna
  3276 | D        | Reached skill level 10 in Fire Magic
  3279 | D        | Killed a stone giant
  3279 | D        | Reached skill level 14 in Spellcasting
  3279 | D        | Reached skill level 5 in Summonings
  3279 | D        | Reached XP level 12. HP: 58/80 MP: 21/30
  3305 | D        | Reached skill level 10 in Short Blades
  3659 | D        | Noticed a purple very ugly thing
  3660 | D        | Noticed a fire giant
  3674 | D        | Killed a purple very ugly thing
  3710 | D        | Killed a fire giant
  3895 | D        | Noticed Eustachio
  3903 | D        | Killed Eustachio
  3928 | D        | Noticed Frances
  3986 | D        | Killed Frances
  3986 | D        | Reached skill level 15 in Spellcasting
  4076 | D        | Learned a level 4 spell: Hailstorm
  4078 | D        | Noticed an alligator
  4078 | D        | Noticed a shambling mangrove
  4098 | D        | Reached skill level 5 in Hexes
  4109 | D        | Killed an alligator
  4124 | D        | Paralysed by a hornet for 3 turns
  4125 | D        | Killed a shambling mangrove
  4127 | D        | Identified Diejan's Disquisition on Lethal Displacement
                  | (Sif Muna gifted it to you in the Dungeon)
  4127 | D        | Received a gift from Sif Muna
  4720 | D        | Noticed a thorn hunter
  4731 | D        | Killed a thorn hunter
  4731 | D        | Reached skill level 16 in Spellcasting
  4976 | D        | Learned a level 7 spell: Spellforged Servitor
  5030 | D        | Identified Mobuopn's Compendium of Lethal Dislocation (Sif
                  | Muna gifted it to you in the Dungeon)
  5030 | D        | Received a gift from Sif Muna
  5102 | D        | Slain by a ghost moth

Levels and vault maps discovered:
D:        linesprint [early_d, line_temple, items_1, d_10, items_2, lair_1,
          lair_end, items_3, orc_1, orc_end, items_4, d_15, swamp_1, shoals_1,
          snake_1, spider_1, d_20, vaults_1, items_5, swamp_end, shoals_end,
          snake_end, spider_end, vaults_end, d_27, items_6, zot_1, zot_end,
          crypt_end, forest_end, elf_end, slime_end, tomb_end, abyss_end,
          pan_hell_end]

Skill      XL: |  1  2  3  4  5  6  7  8  9 10 11 12 |
---------------+-------------------------------------+-----
Stealth        | 3 4 5 |  5.3
Spellcasting   | 5 6 7 8 10 11 12 14 16 | 16.2
Conjurations   | 2 3 4 5 6 7 8 9 11 13 14 | 14.4
Dodging        | 3 4 5 6 7 |  7.5
Short Blades   | 1 3 4 5 6 7 8 9 10 | 10.3
Fighting       | 1 2 3 4 5 6 |  6.8
Translocations | 3 4 5 6 |  6.0
Invocations    | 2 4 6 |  6.2
Evocations     | 1 2 3 4 |  4.2
Air Magic      | 1 2 4 5 6 |  6.3
Fire Magic     | 3 5 8 10 11 | 11.7
Poison Magic   | 2 3 5 6 7 |  7.4
Summonings     | 2 3 4 5 6 |  6.2
Hexes          | 1 2 3 6 |  6.1

Action                   |  1- 3 |  4- 6 |  7- 9 | 10-12 || total
-------------------------+-------+-------+-------+-------++-------
Melee: Unarmed           |    15 |       |       |       ||    15
       Constrict         |     7 |     4 |     5 |    29 ||    45
       Dagger            |     6 |    10 |       |       ||    16
       Tentacles         |     2 |     4 |     6 |    34 ||    46
       Rapier            |       |    15 |    22 |   171 ||   208
 Cast: Magic Dart        |     1 |     8 |    19 |    64 ||    92
       Mephitic Cloud    |       |     3 |     8 |    54 ||    65
       Conjure Flame     |       |     2 |     6 |     8 ||    16
       Call Imp          |       |       |     2 |     1 ||     3
       Summon Guardian G |       |       |     3 |    30 ||    33
       Blink             |       |       |     1 |     9 ||    10
       Starburst         |       |       |       |     9 ||     9
       Dazzling Flash    |       |       |       |     1 ||     1
       Fulminant Prism   |       |       |       |    17 ||    17
       Inner Flame       |       |       |       |     1 ||     1
Invok: Channel Magic     |       |       |     1 |     2 ||     3
Evoke: Wand              |       |     2 |     6 |     2 ||    10
  Use: Potion            |     2 |     1 |     1 |     6 ||    10
       Scroll            |       |       |       |     4 ||     4
 Stab: Confused          |       |     1 |       |    24 ||    25
       Invisible         |       |       |       |     2 ||     2
  Eat: Chunk             |       |       |       |    13 ||    13
       Ration            |       |       |       |     1 ||     1
Armor: Skin              |     2 |     2 |       |     9 ||    13
Dodge: Dodged            |     8 |    19 |    19 |    70 ||   116

Table legend:
 A = Non-vault XP
 B = Vault XP
 C = Vault XP percentage of total XP
 D = Non-vault monster count
 E = Vault monster count
 F = Vault count percentage of total count
                 A         B        C        D         E       F
            +---------+---------+-------+---------+---------+-------
      Total |     692 |   30870 |  97.8 |       3 |     117 |  97.5
            +---------+---------+-------+---------+---------+-------
          D |     692 |   30870 |  97.8 |       3 |     117 |  97.5
            +---------+---------+-------+---------+---------+-------
